 Dungeon Crawl Stone Soup version 0.28.0-45-g0d030f2227 (webtiles) character file.

Game seed: 8761474741075731883

193 pkoi the Insei (level 5, -1/45 HPs)
             Began as a Demigod Gladiator on Apr 19, 2022.
             Succumbed to a water moccasin's poison
             ... on level 5 of the Dungeon.
             The game lasted 00:04:34 (5225 turns).

pkoi the Insei (Demigod Gladiator)                  Turns: 5225, Time: 00:04:34

Health: -1/45      AC:  5    Str: 15    XL:     5   Next: 19%
Magic:  7/7        EV: 13    Int: 14    God:
Gold:   195        SH:  0    Dex: 21    Spells: 4/4 levels left

rFire   . . .      SeeInvis .     - Unarmed
rCold   . . .      Faith    .   (no shield)
rNeg    . . .      Spirit   .   a - +0 leather armour
rPois   .          Reflect  .   b - +1 helmet
rElec   .          Harm     .   (no cloak)
rCorr   .          Rampage  .   (no gloves)
Will    +....                   (no boots)
Stlth   ++........              (no amulet)
HPRegen 0.15/turn               o - +6 ring of dexterity
MPRegen 0.10/turn               q - ring of willpower

@: lethally poisoned (-1 -> -11)
A: high MP 1, forlorn, divine attributes
a: no special abilities


You were on level 5 of the Dungeon.
You visited 1 branch of the dungeon, and saw 5 of its levels.

You collected 195 gold pieces.

Inventory:

Hand Weapons
 f - a +0 dagger
 p - a +0 mace of protection
Missiles
 c - 3 throwing nets
 e - 2 boomerangs (quivered)
Armour
 a - a +0 leather armour (worn)
 b - a +1 helmet (worn)
 j - a +0 ring mail of poison resistance
Jewellery
 g - a ring of flight
 l - a ring of positive energy
 o - a +6 ring of dexterity (left hand)
 q - a ring of willpower (right hand)
Potions
 d - 3 potions of curing {unknown}
 h - 3 potions of heal wounds {unknown}
 i - 2 potions of might
 m - a potion of cancellation {unknown}
 n - a potion of magic
 u - a potion of lignification {unknown}


   Skills:
 - Level 3.0 Fighting
 - Level 1.7 Throwing
 - Level 3.0 Dodging
 * Level 4.9 Unarmed Combat


You had 4 spell levels left.
You didn't know any spells.
Your spell library contained the following spells:

 Spells                   Type           Power      Damage    Failure   Level
 Shock                    Conj/Air       0%         1d3       34%         1
 Swiftness                Air            0%         N/A       71%         3
 Airstrike                Air            0%         N/A       98%         4


Dungeon Overview and Level Annotations

Branches:
Dungeon (5/15)
 Temple: D:4-7

Annotations:
D:4 Dowan, Duvessa


Innate Abilities, Weirdness & Mutations

You have an increased reservoir of magic. (+10% MP)
You shall have no god before yourself.
Your divine heritage dramatically boosts your attributes as you level up.


Message History

The water moccasin poisons you!
Throw: 2 boomerangs
Press: ? - help, Q - select action, (/) - cycle Shift-Dir - straight line, f/p - water moccasin
Aim: a water moccasin (severely wounded, 46% to hit)
You throw a boomerang.
The boomerang closely misses the water moccasin.
You feel very sick.
The water moccasin bites you but does no damage.
You hit the water moccasin but do no damage.
The water moccasin is severely wounded.
You feel sick. The water moccasin barely misses you.
The water moccasin bites you.
* * * LOW HITPOINT WARNING * * *
You hit the water moccasin but do no damage.
Your punch misses the water moccasin.
The water moccasin is severely wounded.
You feel sick. The water moccasin bites you.
* * * LOW HITPOINT WARNING * * *
You hit the water moccasin.
The water moccasin is almost dead.
You feel sick. The water moccasin bites you.
* * * LOW HITPOINT WARNING * * *
You are lethally poisoned!
The water moccasin poisons you!
You barely miss the water moccasin.
The water moccasin is almost dead.
* * * LOW HITPOINT WARNING * * *
You feel very sick. The water moccasin misses you.
Unknown command.
You closely miss the water moccasin.
The water moccasin is almost dead.
* * * LOW HITPOINT WARNING * * *
You feel sick. The water moccasin barely misses you.
The water moccasin bites you!
* * * LOW HITPOINT WARNING * * *
Unknown command.
You hit the water moccasin.
The water moccasin is almost dead.
You die...

###.### ..#
#.....# #.#
#..>..# #.#
#.....# #.#
#.....########.#
#........<...#.#
######.#####.#.#
########.#####.#.#
#.....S@.##....<.#
#.##......#.##.###
.....##...#.##.#
..#. #........# .
# #.....####
###.### #.# ..#
####


You could see a water moccasin.

Vanquished Creatures
  A jelly (D:4)
  2 hound skeletons (D:4)
  2 adders
  4 gnolls
  5 dart slugs
  5 ball pythons
  4 bats
  5 endoplasms
  5 giant cockroaches
  6 goblins
  7 hobgoblins
  2 quokkas
  2 frilled lizards (D:3)
  5 kobolds
  9 rats
64 creatures vanquished.

Notes
Turn   | Place    | Note
-------+----------+-------------------------------------------
     0 | D:1      | pkoi the Demigod Gladiator began the quest for the Orb.
     0 | D:1      | Reached XP level 1. HP: 17/17 MP: 3/3
   265 | D:1      | Reached skill level 3 in Unarmed Combat
   351 | D:1      | Reached XP level 2. HP: 24/24 MP: 4/4
  1373 | D:1      | Reached XP level 3. HP: 30/30 MP: 5/5
  1605 | D:1      | Noticed a red devil
  2506 | D:2      | Reached skill level 4 in Unarmed Combat
  2693 | D:2      | Reached XP level 4. HP: 8/37 MP: 6/6
  4391 | D:4      | Reached XP level 5. HP: 23/45 MP: 7/7
  4745 | D:4      | Noticed Dowan
  4747 | D:4      | Noticed Duvessa
  4975 | D:4      | Noticed an ogre
  5015 | D:5      | Entered Level 5 of the Dungeon
  5053 | D:5      | Noticed a water moccasin
  5224 | D:5      | HP: 1/45 [water moccasin (8)]
  5225 | D:5      | Succumbed to a water moccasin's poison

Illustrated notes

Levels and vault maps discovered:
D:1:      dpeg_arrival_arbitrary_b, layout_basic,
          dreamdust_ecumenical_altar_sealed_demon, ebering_dispersal_statue_hall
D:2:      layout_rooms, minmay_bisected
D:3:      layout_loops_ring, small_statue_intersection,
          minmay_increasing_density
D:4:      layout_basic, minmay_shop_enchanted_jewellery, uniq_pargi,
          uniq_duvessa
D:5:      layout_loops_cross, nicolae_overflow_hallway_of_the_gods,
          mainiacjoe_overflow_chevrons, nrook_mini_vaults

Skill      XL: |  1  2  3  4  5 |
---------------+----------------+-----
Fighting       | 2 3 |  3.0
Unarmed Combat | 3 4 |  4.9
Dodging        | 3 |  3.0
Throwing       | |  1.7

Action                   |  1- 3 |  4- 6 || total
-------------------------+-------+-------++-------
Melee: Unarmed           |   135 |   101 ||   236
       Punch             |     7 |     8 ||    15
Throw: Boomerang         |       |     2 ||     2
  Use: Scroll            |       |    10 ||    10
 Stab: Sleeping          |     2 |     3 ||     5
Armor: Leather armour    |    33 |    27 ||    60
Dodge: Dodged            |    75 |    53 ||   128
